cohdb
Replays
Latest Replays
All Replays
Popular Replays
Top Player Replays
Match Explorer
How It Works
Community
CoH3 Stats
Reddit
Sign in to upload your games and track your stats! →
Sign in with Steam
Match 42263133
Unlisted
Match 42263133
Overview
Messages
Build Orders
End
Construct Barracks
Selects Armored Battlegroup
Selects Veteran Crews
Riflemen Squad
Riflemen Squad
1⁄4-ton 4x4 Truck
Riflemen Squad
Infantry Support Center
Construct Motor Pool
Selects Fast Deploy
Selects Field Repairs
M8 Greyhound Armored Car
Riflemen Squad
M1 Anti-tank Gun Team
سَۨفُـيٰانۨوٰس
TerraZorc
0
0
Comments
sign in to comment!
No comments posted yet!